 Dungeon Crawl Stone Soup version 0.26.0-10-g1f06aea511 (webtiles) character file.

Game seed: 8796488226856163922

54 Borgoz the Slasher (level 3, 0/29 HPs)
             Began as a Ghoul Gladiator on Jan 13, 2021.
             Slain by an adder (2 damage)
             ... on level 2 of the Dungeon.
             The game lasted 00:01:52 (921 turns).

Borgoz the Slasher (Ghoul Gladiator)                 Turns: 921, Time: 00:01:53

Health: 0/29       AC:  4    Str: 18    XL:     3   Next: 91%
Magic:  2/2        EV: 12    Int:  3    God:
Gold:   122        SH:  0    Dex: 10    Spells: 2/2 levels left

rFire    . . .     SeeInvis .   a - +0 long sword
rCold    + . .     Faith    .   (no shield)
rNeg     + + +     Spirit   .   b - +0 leather armour
rPois    ∞         Reflect  .   c - +0 helmet
rElec    .         Harm     .   (no cloak)
rCorr    .         Rampage  .   (no gloves)
Will     .....                  (no boots)
Stlth    +.........             (no amulet)
HPRegen  0.00/turn              (no ring)
MPRegen  0.08/turn              (no ring)

@: no status effects
A: claws 1, cold resistance 1, negative energy resistance 3, inhibited
regeneration, torment resistance, unbreathing
a: no special abilities


You were on level 2 of the Dungeon.
You visited 1 branch of the dungeon, and saw 2 of its levels.

You collected 122 gold pieces.

Inventory:

Hand Weapons
 a - a +0 long sword (weapon)
Missiles
 d - 3 throwing nets (quivered)
Armour
 b - a +0 leather armour (worn)
 c - a +0 helmet (worn)
Jewellery
 i - an uncursed ring of fire {unknown}
Scrolls
 e - 3 scrolls of teleportation {unknown}
 f - a scroll of identify {unknown}
 g - 2 scrolls of remove curse {unknown}
 h - a scroll of fog {unknown}
 j - a scroll of noise {unknown}
 k - a scroll of blinking {unknown}
Potions
 l - a potion of degeneration {unknown}


   Skills:
 - Level 2.1 Fighting
 * Level 3.6 Long Blades
 - Level 1.7 Throwing
 + Level 1.3 Armour
 + Level 3.1 Dodging


You had 2 spell levels left.
You didn't know any spells.
Your spell library was empty.

Dungeon Overview and Level Annotations

Branches:
Dungeon (2/15)

Altars:

Annotations:
D:2 Robin


Innate Abilities, Weirdness & Mutations

You thrive by killing the living.
You are immune to poison.
You have sharp fingernails.
Your flesh is cold resistant. (rC+)
You are immune to negative energy. (rN+++)
You do not regenerate when monsters are visible.
You are immune to unholy pain and torment.
You can survive without breathing.


Message History

You barely miss the goblin. The goblin barely misses you.
A goblin comes into view. It is wielding a +0 club.
Robin roars a battlecry!
The goblin completely misses you.
A goblin comes into view. It is wielding a +0 club.
The hobgoblin closely misses you.
The goblin no longer looks unusually strong.
An adder comes into view.
Found a blackened blue amulet.
A kobold comes into view. It is wielding a -3 short sword.
The kobold shouts!
The adder barely misses you.
You riposte.
You miss the adder. The adder bites you.
* * * LOW HITPOINT WARNING * * *
The adder completely misses you.
You riposte.
You barely miss the adder.
A bat and a giant cockroach come into view.
You hit the adder.
The adder is heavily wounded.
The adder bites you.
You die...

###g.####g###.##
#..# #.....#
########g.#
#####.#
........g.# #.#
.# .....>..).#
#g###...#
######g..#.#
###....."..
#g#..##.#
#.gg.......
......# .#
#S##.......
.##.#..# # #@#
.#....# # #...#
#.# .#....# #.<.
.b. .. .... #.##
#....K. ..##
##...... .#
...... #..B...
#.......


You could see an adder, a giant cockroach, a hobgoblin, a goblin and a bat.

Vanquished Creatures
  A worm (D:2)
  3 dart slugs (D:1)
  5 bats
  12 goblins
  4 hobgoblins
  A ball python (D:1)
  6 frilled lizards
  5 kobolds
  6 rats
43 creatures vanquished.

Notes
Turn   | Place    | Note
-------+----------+-------------------------------------------
     0 | D:1      | Borgoz the Ghoul Gladiator began the quest for the Orb.
     0 | D:1      | Reached XP level 1. HP: 17/17 MP: 0/0
    32 | D:1      | Reached XP level 2. HP: 23/24 MP: 1/1
   246 | D:1      | Reached XP level 3. HP: 21/29 MP: 2/2
   353 | D:1      | Reached skill level 1 in Armour
   887 | D:2      | Noticed Robin
   921 | D:2      | Slain by an adder

Illustrated notes

Levels and vault maps discovered:
D:1:      minmay_arrival_arboretum_small, layout_basic, st_stairs_5,
          minmay_misc_feat_hallway
D:2:      layout_loops_ring, lemuel_round_altar, uniq_robin

Skill      XL: |  1  2  3 |
---------------+----------+-----
Long Blades    | 3 |  3.6
Armour         | 1 |  1.3
Dodging        | 3 |  3.1
Fighting       | |  2.1
Throwing       | |  1.7

Action                   || total
-------------------------++-------
Melee: Long sword        ||    93
Armor: Leather armour    ||    33
Dodge: Dodged            ||    80
       Rpst.: Long sword ||    24
